 Dungeon Crawl Stone Soup version 0.17-a0-1731-g129c023 (webtiles) character file.

603 kae the Cleaver (level 7, -6/57 HPs)
             Began as a Hill Orc Fighter on Aug 29, 2015.
             Mangled by Menkaure (17 damage)
             ... on level 4 of the Dungeon.
             The game lasted 00:03:41 (3385 turns).

kae the Cleaver (Hill Orc Fighter)                  Turns: 3385, Time: 00:03:41

Health: -6/57      AC:  9    Str: 21    XL:     7   Next: 42%
Magic:  7/7        EV:  7    Int:  8    God:
Gold:   166        SH:  9    Dex: 10    Spells: 0 memorised, 6 levels left

rFire  . . .     SeeInvis .     a - +0 war axe
rCold  . . .     Clarity  .     b - +0 scale mail
rNeg   . . .     SustAt   .     c - +0 shield
rPois  .         Gourm    .     (no helmet)
rElec  .         Spirit   .     (no cloak)
rCorr  .         Warding  .     q - +0 pair of gloves
rMut   .         Stasis   .     h - +0 pair of boots
MR     .....                    (no amulet)
Stlth  ..........               (no ring)
                                (no ring)

@: lethally poisoned (-6 -> -7), not resistant to hostile enchantments,
extremely unstealthy
A: no striking features
a: no special abilities


You were on level 4 of the Dungeon.
You were hungry.

You visited 1 branch of the dungeon, and saw 4 of its levels.

You collected 166 gold pieces.

Inventory:

Hand weapons
 a - a +0 war axe (weapon)
Armour
 b - a +0 scale mail (worn)
 c - a +0 shield (worn)
 h - a +0 pair of boots (worn)
 q - a +0 pair of gloves (worn)
Magical devices
 k - a wand of flame (27)
 o - a wand of confusion (33)
Scrolls
 i - 2 scrolls of identify
Potions
 d - a potion of might
 g - a potion of curing {unknown}
 p - a potion of degeneration
Comestibles
 e - 5 bread rations
 f - 3 meat rations
 j - 2 slices of pizza
 m - 2 fruits
 s - a beef jerky


   Skills:
 - Level 3.6 Fighting
 + Level 10.4 Axes
 - Level 3.2 Armour
 - Level 3.2 Shields


You had 6 spell levels left.
You didn't know any spells.

Dungeon Overview and Level Annotations

Branches:
Dungeon (4/15)
 Temple: D:4-7

Altars:
Okawaru

Annotations:
D:4 Menkaure


Message History

Menkaure casts a spell.
Menkaure seems to speed up.
Menkaure is nearby!
Menkaure is nearby!
Menkaure is nearby!
Menkaure is nearby!
Menkaure hits you!
You barely miss Menkaure.
You feel sick. Menkaure completely misses you.
You slash Menkaure!
Menkaure is severely damaged.
You block Menkaure's attack.
You hit Menkaure.
Menkaure is severely damaged.
You block Menkaure's attack. Menkaure hits you!
* * * LOW HITPOINT WARNING * * *
You are too injured to fight recklessly!
You hit Menkaure but do no damage.
Menkaure is severely damaged.
Menkaure hits you!
You die...

##### ** #.#.# **###* *, ##..#
*,...** ** #..### **#.#,## *
##....### #.##.### ****
#####.......####......#****,,***
#............##......#,>.......##
...#†...........@M.#****........#
####..............## *#.......>
#.............## #........
#.............# #........
#....#####....#*######........
#...## ##................... #
#....### ##..................
####......#####..##..............
.##............<#***#........##..


You could see Menkaure.

Vanquished Creatures
  Duvessa (D:4)
  Dowan (D:4)
  2 scorpions (D:4)
  An orc wizard (D:3)
  An orc priest (D:3)
  The ghost of Goblin1989 the Scratcher, a weakling FeTm (D:3)
  Natasha (thrice) (D:4)
  4 gnolls
  7 adders
  2 oozes
  4 worms
  A giant gecko (D:3)
  9 orcs
  2 ball pythons
  8 bats
  9 giant cockroaches
  9 hobgoblins
  12 jackals
  8 kobolds
  7 giant newts
  5 goblins
  8 rats
105 creatures vanquished.

Notes
Turn   | Place    | Note
--------------------------------------------------------------
     0 | D:1      | kae the Hill Orc Fighter began the quest for the Orb.
     0 | D:1      | Reached XP level 1. HP: 19/19 MP: 1/1
   114 | D:1      | Reached XP level 2. HP: 23/26 MP: 2/2
   151 | D:1      | Reached skill level 4 in Axes
   366 | D:1      | Reached XP level 3. HP: 28/31 MP: 3/3
   678 | D:2      | Found an iron altar of Okawaru.
   685 | D:2      | Reached skill level 5 in Axes
  1051 | D:2      | Reached XP level 4. HP: 36/39 MP: 4/4
  1254 | D:2      | Reached skill level 6 in Axes
  1761 | D:2      | Reached XP level 5. HP: 33/45 MP: 5/5
  1897 | D:2      | Reached skill level 7 in Axes
  2338 | D:3      | Noticed Goblin1989's ghost (weakling FeTm)
  2346 | D:3      | Killed Goblin1989's ghost
  2346 | D:3      | Reached skill level 8 in Axes
  2346 | D:3      | Reached XP level 6. HP: 36/51 MP: 6/6
  2727 | D:4      | Noticed Natasha
  2732 | D:4      | Killed Natasha
  2750 | D:4      | Reached skill level 9 in Axes
  2844 | D:4      | Noticed Natasha
  2851 | D:4      | Killed Natasha
  2973 | D:4      | Noticed Natasha
  2979 | D:4      | Killed Natasha
  3041 | D:4      | Noticed Duvessa
  3060 | D:4      | Noticed Dowan
  3069 | D:4      | Killed Duvessa
  3069 | D:4      | Reached XP level 7. HP: 30/57 MP: 7/7
  3078 | D:4      | Killed Dowan
  3078 | D:4      | Reached skill level 10 in Axes
  3378 | D:4      | Noticed Menkaure
  3385 | D:4      | Mangled by Menkaure

Vault maps used:
D:1:      lightli_molten_gateway, serial_bayou_crossing
D:2:      okawaru_ov_weapons_minmay, kennysheep_potato
D:3:      first_bread, st_stairs_3
D:4:      roderic_cross_of_infinity, uniq_eustachio, uniq_duvessa,
          uniq_menkaure, uniq_natasha

Action                   |  1- 3 |  4- 6 |  7- 9 || total
-------------------------+-------+-------+-------++-------
Melee: War axe           |   149 |   197 |    26 ||   372
  Use: Potion            |       |     1 |       ||     1
       Scroll            |       |     5 |       ||     5
  Eat: Chunk             |       |     7 |     1 ||     8
